 Dungeon Crawl Stone Soup version 0.29.0-4-gdea44cf6ec (webtiles) character file.

Game seed: 10453753265454238954

186 qw the Chopper (level 5, -2/41 HPs)
             Began as a Demonspawn Cinder Acolyte on Sept 9, 2022.
             Was an Elder of Ignis.
             Killed by nerve-wracking pain
             ... invoked by Grinder
              (13 damage)
             ... in a sewer.
             The game lasted 00:01:07 (3717 turns).

qw the Chopper (Demonspawn Cinder Acolyte)          Turns: 3717, Time: 00:01:07

Health: -2/41      AC: 14    Str: 16    XL:     5   Next: 38%
Magic:  6/6        EV:  9    Int: 16    God:    Ignis [****..]
Gold:   123        SH:  0    Dex:  8    Spells: 6/6 levels left

rFire   + . .      SeeInvis .   Y - +0 hand axe (flame)
rCold   . . .      Faith    .   (no shield)
rNeg    . . .      Spirit   .   f - +0 scale mail
rPois   .          Reflect  .   i - +0 helmet
rElec   .          Harm     .   (no cloak)
rCorr   .          Rampage  .   (no gloves)
Will    .....                   (no boots)
Stlth   ..........              (no amulet)
HPRegen 0.13/turn               (no ring)
MPRegen 0.10/turn               (no ring)

@: fiery-armoured
A: weakness stinger 1
a: Renounce Religion, Fiery Armour, Foxfire Swarm, Rising Flame


You were in a sewer.
You worshipped Ignis.
Ignis was greatly pleased with you.
You visited 1 branch of the dungeon, and saw 3 of its levels.
You also visited: Sewer.

You collected 123 gold pieces.


Innate Abilities, Weirdness & Mutations

You have a small tail.


   Skills:
 - Level 3.0 Fighting
 + Level 5.1 Axes
 - Level 0.3 Throwing
 - Level 1.0 Armour
 - Level 1.2 Dodging
 - Level 1.0 Spellcasting
 - Level 2.6 Fire Magic


You had 6 spell levels left.
You didn't know any spells.
Your spell library contained the following spells:

 Spells                   Type           Power      Damage    Failure   Level
 Scorch                   Fire           18%        2d5       38%         2

Inventory:

Hand Weapons
 Y - a +0 hand axe of flaming (weapon)
Armour
 f - a +0 scale mail (worn)
 i - a +0 helmet (worn)
Scrolls
 a - a scroll of identify
Potions
 d - a potion of heal wounds
 e - a potion of flight {unknown}
 g - a potion of lignification {unknown}
 h - a potion of attraction {unknown}

Dungeon Overview and Level Annotations

Branches:
Dungeon (3/15)              Sewer (1/1)

Altars:

Annotations:
Sewer Grinder


Message History

Moving in this stuff is going to be slow.
An ufetubus comes into view.
Grinder zaps a wand.
The bolt of light misses you.
A giant cockroach and a kobold come into view.
The kobold shouts!
You hear a shout!
You hear a chilling moan.
A kobold comes into view. It is wielding a +0 whip.
Grinder hits you but does no damage.
Grinder is burned by your cloak of flames.
Grinder is lightly wounded.
Grinder zaps a wand.
The bolt of light hits you.
You are confused.
3714 ||| DRINKING potion of curing.
You feel better.
3714 ||| (to cure confusion) Grinder hits you but does no damage.
Grinder is burned by your cloak of flames.
Grinder is lightly wounded.
The giant cockroach bites you but does no damage.
You hit Grinder but do no damage.
Grinder is lightly wounded.
You hit the giant cockroach but do no damage.
The giant cockroach bites you but does no damage.
The giant cockroach is burned by your cloak of flames.
You kill the giant cockroach!
Grinder hits you.
You writhe in agony.
Grinder is burned by your cloak of flames.
Grinder is moderately wounded.
You hit Grinder. You burn Grinder.
Grinder is heavily wounded.
A kobold comes into view. It is wielding a +0 dagger.
The kobold throws a stone.
The stone hits you but does no damage.
Grinder blinks!
A kobold brigand comes into view.
It is wielding a +0 dagger and quivering curare-tipped darts.
You closely miss Grinder. You tail-slap Grinder.
Grinder is heavily wounded.
You barely miss the ufetubus.
A quasit comes into view.
The ufetubus closely misses you. The ufetubus barely misses you.
Grinder gestures at you. Pain shoots through your body!
You die...

~~~~~#...#~~~~~~#
~~~~~~...#~~~~~~#
~~~~.#...#~~~~~~#
~~~...~...~~~~~#
~~..#~~~#..~~.~#
....#~~~#......#
### ##~#######'#
...#..K#).....#
~~~...5@~.~~~.#
~~~#.K5#~~~~~~#
####'#########
#.. ... '...
K'.ยค .'5.


You could see Grinder, a kobold brigand, a quasit, an ufetubus and 2 kobolds.

Vanquished Creatures
  Terence (D:3)
  2 adders (D:2)
  3 gnolls (D:3)
  3 shadow imps (Sewer)
  3 ufetubi (Sewer)
  3 worms
  2 dart slugs (D:1)
  9 endoplasms
  2 giant cockroaches
  2 goblins
  6 hobgoblins
  3 jackals (D:1)
  2 quokkas
  3 ball pythons
  5 bats (D:1)
  3 frilled lizards
  A giant cockroach zombie (Sewer)
  7 kobolds
  7 rats
67 creatures vanquished.

Vanquished Creatures (others)
  An endoplasm (Sewer)
1 creature vanquished.

Grand Total: 68 creatures vanquished

Notes
Turn   | Place    | Note
-------+----------+-------------------------------------------
     0 | D:1      | qw the Demonspawn Cinder Acolyte began the quest for the
                  | Orb.
     0 | D:1      | Reached XP level 1. HP: 18/18 MP: 2/2
     0 | D:1      | 0 ||| qw: Version: 0.1-a-113-g051387a
     0 | D:1      | 0 ||| qw: Game counter: 7001
     0 | D:1      | 0 ||| qw: Always use a shield: true
     0 | D:1      | 0 ||| qw: God list: Okawaru
     0 | D:1      | 0 ||| qw: Allow faded altars: false
     0 | D:1      | 0 ||| qw: Do Orc after D:15 true
     0 | D:1      | 0 ||| qw: Do second Lair branch before Depths: true
     0 | D:1      | 0 ||| qw: Lair rune preference: random
     0 | D:1      | 0 ||| qw: Plans: Normal
     0 | D:1      | 0 ||| PLANNING D:1-11
    24 | D:1      | Reached skill level 3 in Axes
   198 | D:1      | Gained mutation: You have a small tail. [demonic ancestry]
   198 | D:1      | Reached XP level 2. HP: 21/24 MP: 3/3
   306 | D:1      | 306 ||| Stepping ~*~*~tactically~*~*~ (hiding).
   408 | D:1      | 408 ||| Stepping ~*~*~tactically~*~*~ (hiding).
   797 | D:1      | 797 ||| Stepping ~*~*~tactically~*~*~ (hiding).
   899 | D:1      | 899 ||| Stepping ~*~*~tactically~*~*~ (hiding).
  1064 | D:1      | Found a faded altar of an unknown god.
  1064 | D:1      | Noticed a red devil
  1231 | D:1      | 1231 ||| INVOKING Fiery Armour.
  1232 | D:1      | Reached XP level 3. HP: 10/29 MP: 4/4
  1466 | D:1      | 1466 ||| UPGRADING to +0 scale mail.
  1476 | D:1      | 1476 ||| DROPPING +0 robe.
  1477 | D:1      | 1477 ||| UPGRADING to +0 helmet.
  1482 | D:1      | 1482 ||| DROPPING ring of wizardry.
  1483 | D:1      | 1483 ||| READING scroll labelled HEYFU HOACSAU.
  1484 | D:1      | 1484 ||| READING scroll labelled YRPHUA DAUGYDD.
  1485 | D:1      | 1485 ||| READING scroll labelled REMARIRHE LOGG.
  1486 | D:1      | 1486 ||| Stepping randomly (stuck).
  1487 | D:1      | 1487 ||| Stepping ~*~*~tactically~*~*~ (cloud).
  1493 | D:1      | HP: 7/29 [poisoned by you (poison gas)]
  1867 | D:2      | Reached skill level 4 in Axes
  1994 | D:2      | 1994 ||| Stepping ~*~*~tactically~*~*~ (stealth).
  1995 | D:2      | 1995 ||| Stepping ~*~*~tactically~*~*~ (stealth).
  2001 | D:2      | 2001 ||| Stepping ~*~*~tactically~*~*~ (stealth).
  2166 | D:2      | 2166 ||| Stepping ~*~*~tactically~*~*~ (stealth).
  2170 | D:2      | 2170 ||| FLEEEEING.
  2180 | D:2      | Reached skill level 1 in Armour
  2496 | D:2      | Reached XP level 4. HP: 33/35 MP: 5/5
  2726 | D:2      | 2726 ||| READING scroll labelled DAEKLI FELE.
  2727 | D:2      | 2727 ||| READING scroll labelled TOMAVU PUNAPPI.
  2728 | D:2      | 2728 ||| READING scroll labelled ASTRACR MUHE.
  2729 | D:2      | 2729 ||| DRINKING 2 lumpy black potions.
  2760 | D:3      | 2760 ||| PLANNING SEWER
  2905 | D:3      | Found a glowing drain.
  2906 | D:3      | 2906 ||| DRINKING 2 smoky amethyst potions.
  2913 | D:3      | 2913 ||| Stepping randomly (stuck).
  2914 | D:3      | 2914 ||| Stepping randomly (stuck).
  2915 | D:3      | 2915 ||| Stepping randomly (stuck).
  2916 | D:3      | 2916 ||| Stepping randomly (stuck).
  2917 | D:3      | 2917 ||| Stepping randomly (stuck).
  2919 | D:3      | 2919 ||| Stepping randomly (stuck).
  2920 | D:3      | 2920 ||| Stepping randomly (stuck).
  2921 | D:3      | 2921 ||| Stepping randomly (stuck).
  2922 | D:3      | 2922 ||| Stepping randomly (stuck).
  2923 | D:3      | 2923 ||| Stepping randomly (stuck).
  2924 | D:3      | 2924 ||| Stepping randomly (stuck).
  2984 | D:3      | 2984 ||| INVOKING Fiery Armour.
  2986 | D:3      | 2986 ||| Stepping ~*~*~tactically~*~*~ (stealth).
  2987 | D:3      | 2987 ||| Stepping ~*~*~tactically~*~*~ (stealth).
  2990 | D:3      | 2990 ||| Stepping ~*~*~tactically~*~*~ (stealth).
  2991 | D:3      | 2991 ||| Stepping ~*~*~tactically~*~*~ (stealth).
  3043 | D:3      | Noticed Terence
  3054 | D:3      | Killed Terence
  3147 | D:3      | 3147 ||| READING scroll labelled ADAOSE ZIRCHY.
  3206 | D:3      | Reached skill level 5 in Axes
  3284 | Sewer    | Entered a sewer
  3303 | Sewer    | Reached XP level 5. HP: 41/41 MP: 6/6
  3443 | Sewer    | Reached skill level 1 in Dodging
  3498 | Sewer    | 3498 ||| Stepping ~*~*~tactically~*~*~ (stealth).
  3503 | Sewer    | 3503 ||| INVOKING Fiery Armour.
  3676 | Sewer    | 3676 ||| Stepping ~*~*~tactically~*~*~ (stealth).
  3677 | Sewer    | 3677 ||| Stepping ~*~*~tactically~*~*~ (stealth).
  3679 | Sewer    | 3679 ||| Stepping ~*~*~tactically~*~*~ (stealth).
  3686 | Sewer    | 3686 ||| Stepping ~*~*~tactically~*~*~ (stealth).
  3709 | Sewer    | 3709 ||| INVOKING Fiery Armour.
  3711 | Sewer    | Noticed Grinder
  3714 | Sewer    | 3714 ||| DRINKING potion of curing.
  3714 | Sewer    | 3714 ||| (to cure confusion)
  3717 | Sewer    | Killed from afar by Grinder

Levels and vault maps discovered:
D:1:      dpeg_arrival_orchard, layout_basic,
          dreamdust_ecumenical_altar_sealed_demon
D:2:      minmay_door_path, layout_loops_cross, minmay_misc_feat_room
D:3:      layout_loops_corners, grunt_temple_overflow_forces_of_nature,
          cheibrodos_sewer_entry_bend, item_on_display_a, uniq_terence
Sewer:    kennysheep_sewer_church

Skill      XL: |  1  2  3  4  5 |
---------------+----------------+-----
Axes           | 3 4 5 |  5.1
Armour         | 1 |  1.0
Dodging        | 1 |  1.2
Fighting       | |  3.0
Throwing       | |  0.3
Spellcasting   | |  1.0
Fire Magic     | |  2.6

Action                   |  1- 3 |  4- 6 || total
-------------------------+-------+-------++-------
Melee: Hand axe          |   100 |    77 ||   177
       Punch             |     2 |       ||     2
       Tailslap          |     8 |    13 ||    21
Throw: Javelin           |       |     3 ||     3
Invok: Fiery Armour      |     1 |     3 ||     4
  Use: Scroll            |     3 |     4 ||     7
       Potion            |       |     3 ||     3
Armor: Robe              |    12 |       ||    12
       Scale mail        |    11 |    40 ||    51
Dodge: Dodged            |    43 |    44 ||    87

Table legend:
 A = Non-vault XP
 B = Vault XP
 C = Vault XP percentage of total XP
 D = Non-vault monster count
 E = Vault monster count
 F = Vault count percentage of total count
                 A         B        C        D         E       F
            +---------+---------+-------+---------+---------+-------
      Total |     144 |     122 |  45.9 |      46 |      21 |  31.3
            +---------+---------+-------+---------+---------+-------
        D:1 |      42 |       0 |   0.0 |      24 |       0 |   0.0
        D:2 |      55 |       5 |   8.3 |      16 |       3 |  15.8
        D:3 |      47 |      45 |  48.9 |       6 |       3 |  33.3
      Sewer |       0 |      72 | 100.0 |       0 |      15 | 100.0
            +---------+---------+-------+---------+---------+-------
